 Dungeon Crawl Stone Soup version 0.31-a0-1-g4198be8af4 (webtiles) character file.

Game seed: 10973512874041013565

1417 BubbleThief the Trooper (level 8, -1/81 HPs)
             Began as a Naga Cinder Acolyte on Apr 30, 2023.
             Was a High Priest of Ignis.
             Killed from afar by Maggie (10 damage)
             ... with a bolt of fire
             ... on level 7 of the Dungeon.
             The game lasted 00:08:11 (5741 turns).

BubbleThief the Trooper (Naga Cinder Acolyte)       Turns: 5741, Time: 00:08:11

Health: -1/81      AC: 12    Str: 18    XL:     8   Next: 71%
Magic:  9/11       EV:  9    Int: 15    God:    Ignis [*****.]
Gold:   209        SH:  0    Dex:  7    Spells: 9/11 levels left

rFire   + . .        a - -1 mace (flame)
rCold   . . .        (no shield)
rNeg    . . .        b - +0 robe
rPois   +            v - +1 helmet
rElec   .            (no cloak)
rCorr   .            (no gloves)
SInv    +            (no barding)
Will    +....        m - amulet of regeneration
Stlth   +            (no ring)
HPRegen 1.13/turn    (no ring)
MPRegen 0.12/turn

%: no passive effects
@: short of breath, fiery-armoured, mesmerised, very slow
A: AC +2, large, see invisible, deformed body, poison resistance, slowness 2,
spit poison 1, naga tail 1
a: Spit Poison, Renounce Religion, Fiery Armour, Foxfire Swarm, Rising Flame


You were on level 7 of the Dungeon.
You worshipped Ignis.
Ignis was extremely pleased with you.
You visited 1 branch of the dungeon, and saw 7 of its levels.

You collected 341 gold pieces.
You spent 132 gold pieces at shops.

Inventory:

Hand Weapons
 a - a -1 mace of flaming (weapon)
 t - a +0 dire flail of chaos
Armour
 b - a +0 robe (worn)
 v - a +1 helmet (worn)
Jewellery
 m - an amulet of regeneration (around neck)
 x - a ring of protection from fire
Wands
 z - a wand of iceblast (8)
Scrolls
 c - 6 scrolls of teleportation
 e - 3 scrolls of poison
 h - 3 scrolls of vulnerability
 n - 2 scrolls of enchant armour
 r - 2 scrolls of fear
 s - 2 scrolls of noise {unknown}
 u - 5 scrolls of identify {unknown}
 y - a scroll of enchant weapon {unknown}
Potions
 d - a potion of curing
 f - 2 potions of attraction {unknown}
 j - 3 potions of flight {unknown}
 k - a potion of mutation {unknown}
 l - 3 potions of haste
 o - a potion of brilliance {unknown}
 q - 3 potions of heal wounds
 w - 2 potions of lignification {unknown}


   Skills:
 + Level 7.9 Fighting
 + Level 7.8 Maces & Flails
 - Level 2.0 Spellcasting
 - Level 3.0 Fire Magic


You had 9 spell levels left.
You knew the following spells:

 Your Spells              Type           Power      Damage    Failure   Level
a - Scorch                Fire           20%        2d6       10%         2

Your spell library contained the following spells:

 Spells                   Type           Power      Damage    Failure   Level
 Lesser Beckoning         Tloc           2%         N/A       32%         2
 Gell's Gravitas          Tloc           1%         N/A       54%         3
 Hailstorm                Conj/Ice       1%         3d3       54%         3
 Ozocubu's Armour         Ice            1%         N/A       54%         3
 Teleport Other           Tloc           1%         N/A       54%         3
 Ice Form                 Ice/Tmut       1%         N/A       91%         4
 Summon Ice Beast         Ice/Summ       1%         N/A       91%         4
 Metabolic Englaciation   Hex/Ice        0%         N/A       99%         5
 Summon Mana Viper        Hex/Summ       1%         N/A       99%         5
 Simulacrum               Ice/Necr       0%         N/A       100%        6
 Monstrous Menagerie      Summ           0%         N/A       100%        7
 Ozocubu's Refrigeration  Ice            0%         4d7       100%        7


Dungeon Overview and Level Annotations

Branches:
Dungeon (7/15)             Temple (0/1) D:4

Altars:
Ashenzari
Fedhas
Qazlal
Trog
Vehumet
Wu Jian
Zin

Shops:
D:4 *

Annotations:
D:6 exclusion: statue
D:7 Maggie


Innate Abilities, Weirdness & Mutations

Your serpentine skin is tough. (AC +2)
You have supernaturally acute eyesight. (SInv)
Armour fits poorly on your strangely shaped body.
Your system is resistant to poisons. (rPois)
You cover ground very slowly.
You can spit poison.
You have a snake-like lower body.


Message History

Maggie is severely wounded.
You hear the faint creaking of a portcullis nearby.
Maggie gestures at you while chanting. The bolt of fire hits you! You resist.
* * * LOW HITPOINT WARNING * * *
Maggie barely misses you.
You closely miss Maggie.
Maggie is severely wounded.
You have got your breath back.
Maggie says, "Have you seen any dragons?"
Maggie hits you with a +0 war axe.
* * * LOW HITPOINT WARNING * * *
You barely miss Maggie.
Maggie is severely wounded.
Maggie hits you with a +0 war axe!
* * * LOW HITPOINT WARNING * * *
Maggie hits you but does no damage.
Maggie is burned by your cloak of flames.
Maggie is severely wounded.
Aiming: Spit Poison (1% risk of failure)
Press: ? - help, Shift-Dir - straight line, f/p - Maggie
Aim: Maggie, wielding a +0 war axe and wearing +0 swamp dragon scales (severely wounded, mesmerising, fast, 69% to hit)
The splash of poison hits Maggie.
Maggie is almost dead.
Maggie says, "Fear not.
I will immortalize you in the tale of my first kill."
Maggie gestures wildly while chanting.
Maggie draws you further into her thrall.
You closely miss Maggie.
Maggie is almost dead.
Maggie barely misses you. x2
Unknown command.
You barely miss Maggie.
Maggie is almost dead.
Maggie closely misses you.
You hit Maggie but do no damage.
Maggie is almost dead.
Maggie mumbles the words to a spell, but in the wrong order.
Maggie gestures at you while chanting. The bolt of fire hits you! You resist.
You die...

.....####...###..###
####
................##
........####.####
........## #.# #
....###..###...# ...
##..####.#### ..
##.##......####+# #
#....####......#
####@@.....?!..#
..........####.....
###...###.# ### ##..
.... #. #..... #.
........ # ###......
.......


You could see Maggie (mesmerising, fast).

Vanquished Creatures
  Sigmund (D:4)
  Eustachio (D:4)
  A steam dragon (D:6)
  Edmund (D:4)
  2 bullfrogs (D:7)
  4 scorpions
  6 hounds
  A jelly (D:4)
  An iguana (D:5)
  An orc wizard (D:3)
  3 gnolls (D:3)
  13 adders
  An ufetubus (D:3)
  5 worms
  3 dart slugs
  5 orcs
  6 ball pythons
  8 endoplasms
  2 giant cockroaches (D:4)
  8 goblins
  5 hobgoblins
  7 kobolds
  2 quokkas
  6 bats
  2 rats
95 creatures vanquished.

Notes
Turn   | Place    | Note
-------+----------+-------------------------------------------
     0 | D:1      | BubbleThief the Naga Cinder Acolyte began the quest for the
                  | Orb.
     0 | D:1      | Reached XP level 1. HP: 21/21 MP: 2/2
   127 | D:1      | Reached XP level 2. HP: 23/28 MP: 4/4
   131 | D:1      | Learned a level 2 spell: Scorch
   826 | D:1      | Reached XP level 3. HP: 34/34 MP: 2/5
  1222 | D:2      | Upgraded the game from 0.30-a0-1164-ge08a67761e to
                  | 0.31-a0-1-g4198be8af4
  1983 | D:3      | Reached XP level 4. HP: 26/44 MP: 2/7
  2265 | D:3      | Found an ornate altar of the Wu Jian Council.
  2373 | D:3      | Reached XP level 5. HP: 50/50 MP: 3/8
  2967 | D:3      | Found a blossoming altar of Fedhas.
  2998 | D:3      | Found a glowing silver altar of Zin.
  3046 | D:4      | Identified the +6 dagger "Bibiff" {protect, Dex+2}
  3229 | D:4      | Reached XP level 6. HP: 60/60 MP: 4/9
  3330 | D:4      | Reached skill level 5 in Fighting
  3330 | D:4      | Reached skill level 5 in Maces & Flails
  3368 | D:4      | Found Peagorin's General Store.
  3376 | D:4      | Bought a scroll of teleportation for 33 gold pieces
  3376 | D:4      | Bought a scroll of fear for 44 gold pieces
  3376 | D:4      | Bought a potion of heal wounds for 55 gold pieces
  3602 | D:4      | Noticed Edmund
  3608 | D:4      | Noticed Sigmund
  3616 | D:4      | Killed Edmund
  3624 | D:4      | Killed Sigmund
  3625 | D:4      | Reached XP level 7. HP: 13/68 MP: 1/10
  3784 | D:4      | Noticed Eustachio
  3800 | D:4      | Killed Eustachio
  4024 | D:4      | Found a staircase to the Ecumenical Temple.
  4118 | D:5      | Entered Level 5 of the Dungeon
  4123 | D:5      | Found a stormy altar of Qazlal.
  4212 | D:5      | Reached XP level 8. HP: 70/78 MP: 11/11
  4584 | D:5      | Found a broken altar of Ashenzari.
  4885 | D:6      | Found a bloodstained altar of Trog.
  5081 | D:6      | Found Elotukk's Weapon Boutique.
  5408 | D:6      | Found a radiant altar of Vehumet.
  5713 | D:7      | Noticed Maggie
  5737 | D:7      | HP: 4/81 [Maggie/+0 war axe (9)]
  5741 | D:7      | Killed from afar by Maggie

Illustrated notes

Levels and vault maps discovered:
D:1:      spicycebolla_arrival_ecumenical, layout_loops_cross
D:2:      layout_basic, grunt_decor_junction, chequers_mini_garden
D:3:      layout_loops_ring, mainiacjoe_overflow_two_lobes, lemuel_round_altar
D:4:      layout_basic, minmay_temple_entry_junction, serial_shops, shop,
          sigmund_edmund_badplayer, uniq_sigmund, uniq_eustachio
D:5:      layout_rooms, mainiacjoe_overflow_boulevard,
          mainiacjoe_overflow_alcove_4
D:6:      layout_basic, trog_three_pillars_becter, vehumet_statue, serial_shops,
          shop_statue
D:7:      layout_rooms, tso_altar, serial_shops, nicolae_shop_behind_doors,
          enter_bailey_4, uniq_maggie

Skill      XL: |  1  2  3  4  5  6  7  8 |
---------------+-------------------------+-----
Spellcasting   | 2 |  2.0
Fighting       | 4 5 6 7 |  7.9
Maces & Flails | 4 5 6 7 |  7.8
Fire Magic     | |  3.0

Action                     |  1- 3 |  4- 6 |  7- 9 || total
---------------------------+-------+-------+-------++-------
  Melee: Mace              |    34 |    21 |    17 ||    72
         Dire flail        |       |       |    83 ||    83
         Punch             |       |       |     1 ||     1
   Cast: Scorch            |    22 |    40 |    17 ||    79
 Invoke: Fiery Armour      |       |     1 |     1 ||     2
Ability: Spit Poison       |    23 |    28 |    20 ||    71
    Use: Scroll            |       |       |     6 ||     6
 Armour: Robe              |    10 |    12 |    31 ||    53
  Dodge: Dodged            |    27 |    10 |    54 ||    91

Table legend: (Time is in decaauts)
 A = Elapsed time spent in this place.
 B = Non-inter-level travel time spent in this place.
 C = Inter-level travel time spent in this place.
 D = Time resting spent in this place.
 E = Time spent auto-exploring this place.
 F = Levels seen in this place.
 G = Mean time per level.
                   A        B        C        D        E       F      G
               +--------+--------+--------+--------+--------+-----+--------+
         Total |   7245 |   7075 |    170 |      0 |   6300 |   7 | 1035.0 |
       Dungeon |   7245 |   7075 |    170 |      0 |   6300 |   7 | 1035.0 |
               +--------+--------+--------+--------+--------+-----+--------+

Top non-repeatable levels by time:
     D:3: 1390 daAuts
     D:2: 1296 daAuts
     D:4: 1282 daAuts
     D:1: 1147 daAuts
     D:6: 961 daAuts
     D:5: 908 daAuts
     D:7: 258 daAuts
